 Dungeon Crawl Stone Soup version 0.27.1-1-g398f81649c (webtiles) character file.

Game seed: 7138976696959276534

58 Kangaroobicon the Ruffian (level 3, -1/36 HPs)
             Began as a Troll Monk on Sept 19, 2021.
             Slain by Terence (8 damage)
             ... on level 2 of the Dungeon.
             The game lasted 00:11:09 (1207 turns).

Kangaroobicon the Ruffian (Troll Monk)              Turns: 1207, Time: 00:11:10

Health: -1/36      AC:  4    Str: 19    XL:     3   Next: 75%
Magic:  2/2        EV: 10    Int:  6    God:
Gold:   57         SH:  0    Dex: 13    Spells: 2/2 levels left

rFire    + . .     SeeInvis .     - Unarmed
rCold    . . .     Faith    .   (no shield)
rNeg     . . .     Spirit   .   a - +0 robe
rPois    .         Reflect  .   (helmet restricted)
rElec    .         Harm     .   (no cloak)
rCorr    .         Rampage  .   (gloves unavailable)
Will     .....                  (boots unavailable)
Stlth    ++........             (no amulet)
HPRegen  1.12/turn              h - ring of protection from fire
MPRegen  0.08/turn              (no ring)

@: no status effects
A: large, unfitting armour, claws 3, regeneration 1, shaggy fur 1, tough skin 1
a: no special abilities


You were on level 2 of the Dungeon.
You visited 1 branch of the dungeon, and saw 2 of its levels.

You collected 57 gold pieces.

Inventory:

Hand Weapons
 f - a +0 hunting sling
Missiles
 c - 64 stones (quivered)
 d - 3 datura-tipped darts
 e - 24 bolts
 g - 13 poisoned darts
Armour
 a - a +0 robe (worn)
Jewellery
 h - a ring of protection from fire (left claw)
Scrolls
 b - a scroll of fear {unknown}


   Skills:
 + Level 2.9 Fighting
 + Level 2.8 Dodging
 + Level 1.2 Stealth
 + Level 3.7 Unarmed Combat


You had 2 spell levels left.
You didn't know any spells.
Your spell library contained the following spells:

 Spells                   Type           Power      Damage    Failure   Level
 Beastly Appendage        Tmut           0%         N/A       45%         1
 Wereblood                Tmut           0%         N/A       58%         2
 Spider Form              Tmut/Pois      0%         N/A       83%         3


Dungeon Overview and Level Annotations

Branches:
Dungeon (2/15)

Altars:

Annotations:
D:2 Terence


Innate Abilities, Weirdness & Mutations

You are too large for most types of armour.
You have claws for hands.
Your natural rate of healing is unusually fast.
You are covered in fur. (AC +1)
You have tough skin. (AC +1)


Message History

The hobgoblin hits you. The adder bites you but does no damage.
You closely miss the adder. The adder bites you. Terence barely misses you.
The hobgoblin hits you.
You barely miss the adder. The adder barely misses you. Terence misses you.
The hobgoblin misses you. The adder barely misses you.
You miss the adder. Terence barely misses you.
The hobgoblin hits you but does no damage.
The adder bites you.
You barely miss the adder. You claw the adder, but do no damage.
The adder bites you. Terence hits you with a +0 mace. The hobgoblin hits you.
You claw the adder!
The adder is severely wounded.
The adder bites you but does no damage. Terence closely misses you.
The hobgoblin barely misses you.
You scratch the adder.
You kill the adder!
Terence barely misses you.
The hobgoblin hits you but does no damage.
You closely miss the hobgoblin. Terence barely misses you.
The hobgoblin hits you but does no damage.
You barely miss the hobgoblin. Terence barely misses you.
The hobgoblin hits you but does no damage.
The worm bites you but does no damage.
You scratch the hobgoblin.
The hobgoblin is moderately wounded.
Terence hits you but does no damage. The hobgoblin barely misses you.
You closely miss the hobgoblin.
The hobgoblin is moderately wounded.
The worm closely misses you.
You scratch the hobgoblin.
You kill the hobgoblin!
Terence closely misses you.
You barely miss Terence. Terence hits you with a +0 mace. The worm bites you!
You closely miss Terence. Terence barely misses you.
You barely miss Terence. Terence hits you with a +0 mace. The worm bites you.
* * * LOW HITPOINT WARNING * * *
You scratch Terence.
Terence is lightly wounded.
Terence hits you with a +0 mace!
You die...

## .##........ ...
.......... ....
.......... #. ...#
#.#.###.?.......
##.##..#
#.#.....#......!
......#
#.#.............
.....###.#....w@.......
#.....#.#....@†......<
#.......#.....###..#..
####...............# #
......)..........#.#
####.#.########..#.#
####.#.#### #..# #
...[......# #..#
######.########..#
.............##..#


You could see Terence and a worm.

Vanquished Creatures
  An adder (D:2)
  3 gnolls (D:2)
  An orc (D:2)
  2 endoplasms (D:1)
  A giant cockroach (D:2)
  3 goblins
  3 hobgoblins
  3 bats
  2 frilled lizards
  A kobold (D:1)
  A rat (D:2)
21 creatures vanquished.

Notes
Turn   | Place    | Note
-------+----------+-------------------------------------------
     0 | D:1      | Kangaroobicon the Troll Monk began the quest for the Orb.
     0 | D:1      | Reached XP level 1. HP: 22/22 MP: 0/0
   773 | D:1      | Reached XP level 2. HP: 29/29 MP: 1/1
  1031 | D:2      | Reached XP level 3. HP: 33/36 MP: 2/2
  1185 | D:2      | Noticed Terence
  1207 | D:2      | Slain by Terence

Illustrated notes

Levels and vault maps discovered:
D:1:      dpeg_arrival_radiant, layout_basic
D:2:      layout_basic, uniq_terence

Action                   || total
-------------------------++-------
Melee: Unarmed           ||    64
       Punch             ||     1
 Stab: Sleeping          ||     3
Armor: Robe              ||    28
Dodge: Dodged            ||    46
